 Dungeon Crawl Stone Soup version 0.16.2-12-gd0ad4c3 (webtiles) character file.

192 Peloso the Shield-Bearer (level 5, 0/47 HPs)
             Began as a Minotaur Fighter on Oct 15, 2015.
             Slain by Duvessa
             ... wielding a +0 short sword
              (10 damage)
             ... on level 4 of the Dungeon.
             The game lasted 00:05:32 (2084 turns).

Peloso the Shield-Bearer (Minotaur Fighter)         Turns: 2084, Time: 00:05:32

Health: 0/47       AC:  9    Str: 25    XL:     5   Next: 42%
Magic:  2/2        EV:  7    Int:  5    God:
Gold:   197        SH: 10    Dex: 11    Spells: 0 memorised, 4 levels left

rFire  x . .     SeeInvis .     a - +1 long sword
rCold  + . .     Clarity  .     w - +0 chain mail
rNeg   . . .     SustAb   .     c - +0 shield
rPois  .         Gourm    .     (helmet restricted)
rElec  .         Spirit   .     (no cloak)
rCorr  .         Warding  .     (no gloves)
rMut   .         Stasis   .     (no boots)
MR     .....                    t - amulet of regeneration
Stlth  ..........               v - ring of ice
                                (no ring)

@: mighty, not resistant to hostile enchantments, extremely unstealthy
A: retaliatory headbutt, horns 2
a: no special abilities


You were on level 4 of the Dungeon.
You were not hungry.

You visited 1 branch of the dungeon, and saw 4 of its levels.

You collected 197 gold pieces.

Inventory:

Hand weapons
 a - a +1 long sword (weapon)
Armour
 b - a +0 scale mail
 c - a +0 shield (worn)
 w - a +0 chain mail (worn)
Jewellery
 r - an uncursed ring of wizardry
 t - an amulet of regeneration (around neck)
 v - a ring of ice (right hand)
Magical devices
 i - a wand of heal wounds (3)
Scrolls
 j - 5 scrolls of amnesia
 n - a scroll of immolation {unknown}
 o - a scroll of recharging
 p - 2 scrolls of noise
Potions
 g - 3 potions of heal wounds
 k - 2 potions of haste {unknown}
 l - a potion of ambrosia {unknown}
 q - 2 potions of curing {unknown}
 s - a potion of flight {unknown}
 x - a potion of poison {unknown}
Comestibles
 d - a bread ration
 f - a chunk of flesh
 h - 4 beef jerkies
 m - 4 meat rations


   Skills:
 + Level 4.5 Fighting
 + Level 4.0 Long Blades
 + Level 4.6 Armour
 + Level 1.9 Dodging
 + Level 4.7 Shields


You had 4 spell levels left.
You didn't know any spells.

Dungeon Overview and Level Annotations

Branches:
Dungeon (4/15)
 Temple: D:4-7

Altars:
Ashenzari
Dithmenos
Nemelex Xobeh
Sif Muna

Annotations:
D:4 Dowan, Duvessa


Innate Abilities, Weirdness & Mutations

You reflexively headbutt those who attack you in melee.
You have a pair of horns on your head.


Message History

Your headbutt misses something. You block its attack.
You completely miss something. Something hits you!
You hit something. You block its attack. Something hits you but does no damage.
You hit something. You headbutt something. You hit something.
You headbutt something. You block its attack.
Something hits you but does no damage.
You barely miss something. Something hits you!
Your shield and chain mail prevent you from hitting something.
You headbutt something. Something hits you!
* * * LOW HITPOINT WARNING * * *
Drink which item? (? for menu, Esc to quit)
You feel very mighty all of a sudden. Something hits you.
* * * LOW HITPOINT WARNING * * *
You closely miss something.
Dowan shouts!
Duvessa appears from thin air!
Reactivating autopickup.
Duvessa hits you with a short sword!
You die...

........+ ........##+#
..###+###..##
..'.........+
..#.........#
..####'###.###+# ##+#.
...#...###.###..##......
...#.....')..+...#.......
...+.....#...#..@+.......
...#...###'###..e#.......
...#...###..####'#........
...+...+....#............e
...#...#....#....e........
...#...#.................
...###+##.............##+
#+## ###########+### ...+


You could see Duvessa and Dowan.

Vanquished Creatures
  An ogre (D:4)
  A worker ant (D:4)
  3 adders
  A worm (D:2)
  3 giant geckos
  An ooze (D:2)
  5 orcs (D:3)
  2 ball pythons
  4 bats
  2 giant cockroaches
  5 goblins
  5 hobgoblins (D:1)
  6 jackals (D:1)
  5 kobolds
  11 rats
55 creatures vanquished.

Notes
Turn   | Place    | Note
--------------------------------------------------------------
     0 | D:1      | Peloso, the Minotaur Fighter, began the quest for the Orb.
     0 | D:1      | Reached XP level 1. HP: 19/19 MP: 1/1
   162 | D:1      | Reached skill level 4 in Armour
   166 | D:1      | Reached XP level 2. HP: 27/27 MP: 1/1
   828 | D:1      | Reached XP level 3. HP: 33/33 MP: 2/2
  1076 | D:2      | Found a sparkling altar of Nemelex Xobeh.
  1136 | D:2      | Found a shadowy altar of Dithmenos.
  1136 | D:2      | Found a deep blue altar of Sif Muna.
  1263 | D:2      | Reached skill level 1 in Dodging
  1449 | D:3      | Found a shattered altar of Ashenzari.
  1522 | D:3      | Reached XP level 4. HP: 32/40 MP: 2/2
  2029 | D:4      | Noticed an ogre
  2034 | D:4      | Killed an ogre
  2034 | D:4      | Reached XP level 5. HP: 20/47 MP: 2/2
  2059 | D:4      | Noticed Duvessa
  2060 | D:4      | Noticed Dowan
  2084 | D:4      | Slain by Duvessa

Action                   |  1- 3 |  4- 6 || total
-------------------------+-------+-------++-------
Melee: Long sword        |   110 |    57 ||   167
  Use: Scroll            |       |     7 ||     7
       Potion            |       |     1 ||     1
  Eat: Chunk             |       |     4 ||     4
